APL (24 & UNDER)
PENSACOLA PILOTS @ SCOTTSDALE SCORPIONS
07/20/2027
 
TOP OF THE 1ST
Pensacola Pilots batting - Pitching for Scottsdale Scorpions : RHP Alejandro Guzmán
Pitching: RHP Alejandro Guzmán
Batting: RHB Leopoldo Horgan 0-0: Swinging Strike
0-1: Foul Ball, location: 2F
0-2: Ball
1-2: Strikes out swinging
Batting: LHB Ricardo García 0-0: Called Strike
0-1: Ball
1-1: Swinging Strike
1-2: Foul Ball, location: 2F
1-2: Foul Ball, location: 2F
1-2: Strikes out swinging
Batting: RHB Jesús Sánchez 0-0: Ball
1-0: Called Strike
1-1: Ball
2-1: Ball
3-1: Foul Ball, location: 2F
3-2: Fly out, F9 (Flyball, 9)
Top of the 1st over - 0 run(s), 0 hit(s), 0 error(s), 0 left on base; Pensacola 0 - Scottsdale 0
BOTTOM OF THE 1ST
Scottsdale Scorpions batting - Pitching for Pensacola Pilots : LHP Daniel Roberts
Pitching: LHP Daniel Roberts
Batting: LHB José Garza 0-0: Called Strike
0-1: Foul Ball, location: 2F
0-2: Ball
1-2: Strikes out swinging, 2-3 out at first.
Batting: LHB Alberto Roberts 0-0: Ball
1-0: Ball
2-0: Called Strike
2-1: Foul Ball, location: 2F
2-2: Foul Ball, location: 2F
2-2: Strikes out swinging
Batting: SHB Ralph Robison 0-0: Ball
1-0: Called Strike
1-1: Ball
2-1: Fly out, F8 (Flyball, 8RXD)
Bottom of the 1st over - 0 run(s), 0 hit(s), 0 error(s), 0 left on base; Pensacola 0 - Scottsdale 0
TOP OF THE 2ND
Pensacola Pilots batting - Pitching for Scottsdale Scorpions : RHP Alejandro Guzmán
Batting: LHB Weston Chaney 0-0: Called Strike
0-1: Ball
1-1: Ground out 4-3 (Groundball, 4)
Batting: RHB Julian Lee 0-0: Ball
1-0: Foul Ball, location: 2F
1-1: DOUBLE (Line Drive, 78D)
Batting: RHB Jonny Lord 0-0: Ball
1-0: Foul Ball, location: 2F
1-1: Foul Ball, location: 2F
1-2: Ground out 6-3 (Groundball, 6)
Batting: RHB Roberto Gómez 0-0: Swinging Strike
0-1: Ball
1-1: Ground out 4-3 (Groundball, 4)
Top of the 2nd over - 0 run(s), 1 hit(s), 0 error(s), 1 left on base; Pensacola 0 - Scottsdale 0
BOTTOM OF THE 2ND
Scottsdale Scorpions batting - Pitching for Pensacola Pilots : LHP Daniel Roberts
Batting: LHB Sergio Fernández 0-0: Swinging Strike
0-1: Swinging Strike
0-2: Strikes out swinging
Batting: RHB Edgardo Gonzáles 0-0: Foul Ball, location: 2F
0-1: Foul Ball, location: 2F
0-2: Ground out 5-3 (Groundball, 56)
Batting: RHB Ronald Smith 0-0: Fly out, F7 (Flyball, 7S)
Bottom of the 2nd over - 0 run(s), 0 hit(s), 0 error(s), 0 left on base; Pensacola 0 - Scottsdale 0
TOP OF THE 3RD
Pensacola Pilots batting - Pitching for Scottsdale Scorpions : RHP Alejandro Guzmán
Batting: RHB Ángel López 0-0: Called Strike
0-1: Called Strike
0-2: Foul Ball, location: 2F
0-2: Strikes out looking
Batting: RHB Pietro Ciccoritti 0-0: Ball
1-0: Ball
2-0: Fly out, F8 (Flyball, 8RM)
Batting: RHB Leopoldo Horgan 0-0: Foul Ball, location: 2F
0-1: Ball
1-1: SINGLE (Line Drive, 6MD)
Batting: LHB Ricardo García 0-0: Ball
1-0: Fly out, F8 (Flyball, 8RM)
Top of the 3rd over - 0 run(s), 1 hit(s), 0 error(s), 1 left on base; Pensacola 0 - Scottsdale 0
BOTTOM OF THE 3RD
Scottsdale Scorpions batting - Pitching for Pensacola Pilots : LHP Daniel Roberts
Batting: RHB Jaime Delgado 0-0: Swinging Strike
0-1: Swinging Strike
0-2: Ball
1-2: Strikes out looking
Batting: RHB Miguel Ramos 0-0: Called Strike
0-1: Ball
1-1: Ball
2-1: Ball
3-1: Called Strike
3-2: Ground out 3-1 (Groundball, 34S)
Batting: SHB Luis López 0-0: Called Strike
0-1: Ball
1-1: Ball
2-1: Ball
3-1: Base on Balls
Batting: LHB José Garza 0-0: Called Strike
0-1: Ball
1-1: Ball
2-1: Fly out, F7 (Flyball, 7S)
Bottom of the 3rd over - 0 run(s), 0 hit(s), 0 error(s), 1 left on base; Pensacola 0 - Scottsdale 0
TOP OF THE 4TH
Pensacola Pilots batting - Pitching for Scottsdale Scorpions : RHP Alejandro Guzmán
Batting: RHB Jesús Sánchez 0-0: Ball
1-0: Ground out 5-3 (Groundball, 56)
Batting: LHB Weston Chaney 0-0: Fly out, F9 (Flyball, 9D)
Batting: RHB Julian Lee 0-0: Called Strike
0-1: Ball
1-1: Ball
2-1: Called Strike
2-2: Strikes out swinging
Top of the 4th over - 0 run(s), 0 hit(s), 0 error(s), 0 left on base; Pensacola 0 - Scottsdale 0
BOTTOM OF THE 4TH
Scottsdale Scorpions batting - Pitching for Pensacola Pilots : LHP Daniel Roberts
Batting: LHB Alberto Roberts 0-0: Called Strike
0-1: SINGLE (Groundball, 4MD)
Batting: SHB Ralph Robison 0-0: Called Strike
0-1: Ball
1-1: Foul Ball, location: 2F
1-2: Ball
2-2: Fly out, F9 (Flyball, 89D)
Batting: LHB Sergio Fernández 0-0: Called Strike
0-1: Grounds into double play, 4-6-3 (Groundball, 4)
Bottom of the 4th over - 0 run(s), 1 hit(s), 0 error(s), 0 left on base; Pensacola 0 - Scottsdale 0
TOP OF THE 5TH
Pensacola Pilots batting - Pitching for Scottsdale Scorpions : RHP Alejandro Guzmán
Batting: RHB Jonny Lord 0-0: Fly out, F3 (Popup, 3L)
Batting: RHB Roberto Gómez 0-0: Ball
1-0: Called Strike
1-1: Foul Ball, location: 2F
1-2: Ball
2-2: Reached on error, E5 (Groundball, 56S)
Batting: RHB Ángel López 0-0: Ball
1-0: Foul Ball, location: 2F
1-1: Ball
2-1: Fly out, F9 (Flyball, 89D)
Runner from 1st tags up, SAFE at 2nd
Batting: RHB Pietro Ciccoritti 0-0: Ball
1-0: SINGLE (Line Drive, 56D)
Roberto Gómez to third
Runner from 3rd tries for Home, SAFE, no throw
Batting: RHB Leopoldo Horgan 0-0: Called Strike
0-1: Fielders Choice at 2nd, 5-4 (Groundball, 5)
Top of the 5th over - 1 run(s), 1 hit(s), 1 error(s), 0 left on base; Pensacola 1 - Scottsdale 0
BOTTOM OF THE 5TH
Scottsdale Scorpions batting - Pitching for Pensacola Pilots : LHP Daniel Roberts
Batting: RHB Edgardo Gonzáles 0-0: Ball
1-0: Called Strike
1-1: Ball
2-1: SINGLE (Groundball, 4M) (infield hit)
Batting: RHB Ronald Smith 0-0: Called Strike
0-1: Ball
1-1: Swinging Strike
1-2: Strikes out looking
Batting: RHB Jaime Delgado 0-0: Ball
1-0: Ball
2-0: Ball
3-0: Swinging Strike
3-1: Base on Balls
Edgardo Gonzáles to second
Batting: RHB Miguel Ramos 0-0: Ball
1-0: Swinging Strike
1-1: Called Strike
1-2: Strikes out looking
Batting: SHB Luis López 0-0: Ground out 4-3 (Groundball, 4S)
Bottom of the 5th over - 0 run(s), 1 hit(s), 0 error(s), 2 left on base; Pensacola 1 - Scottsdale 0
TOP OF THE 6TH
Pensacola Pilots batting - Pitching for Scottsdale Scorpions : RHP Alejandro Guzmán
Batting: LHB Ricardo García 0-0: Foul Ball, location: 2F
0-1: Ball
1-1: Ball
2-1: Called Strike
2-2: Ground out U3 (Groundball, 23)
Batting: RHB Jesús Sánchez 0-0: Foul Ball, location: 2F
0-1: Ball
1-1: Ball
2-1: Foul Ball, location: 2F
2-2: Ground out 5-3 (Groundball, 56S)
Batting: LHB Weston Chaney 0-0: Ball
1-0: Ball
2-0: Called Strike
2-1: SINGLE (Line Drive, 7LS)
Batting: RHB Julian Lee 0-0: SINGLE (Line Drive, 8LS)
Weston Chaney to second
Batting: RHB Jonny Lord 0-0: Ball
1-0: Swinging Strike
1-1: Ball
2-1: Foul Ball, location: 2F
2-2: Ball
3-2: Strikes out swinging
Top of the 6th over - 0 run(s), 2 hit(s), 0 error(s), 2 left on base; Pensacola 1 - Scottsdale 0
BOTTOM OF THE 6TH
Scottsdale Scorpions batting - Pitching for Pensacola Pilots : LHP Daniel Roberts
Batting: LHB José Garza 0-0: Ground out 6-3 (Groundball, 6)
Batting: LHB Alberto Roberts 0-0: Fly out, F9 (Flyball, 9D)
Batting: SHB Ralph Robison 0-0: Foul Ball, location: 2F
0-1: Ball
1-1: Ball
2-1: SINGLE (Groundball, 4D)
Batting: LHB Sergio Fernández 0-0: Foul Ball, location: 2F
0-1: Foul Ball, location: 2F
0-2: Fielders Choice at 2nd, 6-4 (Groundball, 6)
Bottom of the 6th over - 0 run(s), 1 hit(s), 0 error(s), 0 left on base; Pensacola 1 - Scottsdale 0
TOP OF THE 7TH
Pensacola Pilots batting - Pitching for Scottsdale Scorpions : RHP Alejandro Guzmán
Batting: RHB Roberto Gómez 0-0: Ball
1-0: Ball
2-0: Called Strike
2-1: DOUBLE (Line Drive, 8RM)
Pinch Hitting: LHB Pedro Ramos 0-0: Intentional Walk
Pitching: LHP Gerardo Cortéz
Batting: RHB Pietro Ciccoritti 0-0: Called Strike
0-1: Foul Ball, location: 2F
0-2: Ball
1-2: Strikes out swinging
Batting: RHB Leopoldo Horgan 0-0: Called Strike
0-1: Ball
1-1: Foul Ball, location: 2F
1-2: Foul Ball, location: 2F
1-2: Ball
2-2: Foul Ball, location: 2F
2-2: Ball
3-2: Foul Ball, location: 2F
3-2: Base on Balls
Roberto Gómez to third
Pedro Ramos to second
Pinch Hitting: RHB Aaron Grizzle 0-0: DOUBLE (Line Drive, 5D)
Roberto Gómez scores
Pedro Ramos scores
Leopoldo Horgan to third
Batting: RHB Jesús Sánchez 0-0: Intentional Walk
Batting: LHB Weston Chaney 0-0: Foul Ball, location: 2F
0-1: Ball
1-1: SINGLE (Line Drive, 6MD)
Leopoldo Horgan scores
Aaron Grizzle to third
Jesús Sánchez to second
Batting: RHB Julian Lee 0-0: Called Strike
0-1: Ball
1-1: Ball
2-1: Ball
3-1: Foul Ball, location: 2F
3-2: Foul Ball, location: 2F
3-2: SINGLE (Groundball, 6D)
Aaron Grizzle scores
Jesús Sánchez to third
Weston Chaney to second
Runner from 3rd tries for Home, throw and OUT!
Weston Chaney to third
Julian Lee to second
Pitching: RHP Martin Miller
Batting: RHB Jonny Lord 0-0: Ball
1-0: Ball
2-0: Swinging Strike
2-1: Foul Ball, location: 2F
2-2: Strikes out swinging
Top of the 7th over - 4 run(s), 4 hit(s), 0 error(s), 2 left on base; Pensacola 5 - Scottsdale 0
BOTTOM OF THE 7TH
Scottsdale Scorpions batting - Pitching for Pensacola Pilots : LHP Daniel Roberts
Now at 3B: Aaron Grizzle
Now in CF: Dennis Mays
Batting: RHB Edgardo Gonzáles 0-0: Ball
1-0: Ball
2-0: Called Strike
2-1: Ball
3-1: Ground out 4-3 (Groundball, 4)
Batting: RHB Ronald Smith 0-0: Swinging Strike
0-1: Swinging Strike
0-2: Fly out, F7 (Flyball, 7)
Batting: RHB Jaime Delgado 0-0: Ball
1-0: Ball
2-0: Called Strike
2-1: Called Strike
2-2: Foul Ball, location: 2F
2-2: Ball
3-2: Base on Balls
Batting: RHB Miguel Ramos 0-0: Ball
Jaime Delgado steals 2nd base
1-0: Ball
2-0: Fly out, F8 (Flyball, 8LS)
Bottom of the 7th over - 0 run(s), 0 hit(s), 0 error(s), 1 left on base; Pensacola 5 - Scottsdale 0
TOP OF THE 8TH
Pensacola Pilots batting - Pitching for Scottsdale Scorpions : RHP Martin Miller
Batting: RHB Roberto Gómez 0-0: Ball
1-0: Called Strike
1-1: Swinging Strike
1-2: Foul Ball, location: 2F
1-2: Foul Ball, location: 2F
1-2: Ball
2-2: Foul Ball, location: 2F
2-2: Ball
3-2: Ground out 6-3 (Groundball, 6M)
Batting: RHB Dennis Mays 0-0: Called Strike
0-1: Ball
1-1: Swinging Strike
1-2: Foul Ball, location: 2F
1-2: Strikes out swinging
Batting: RHB Pietro Ciccoritti 0-0: Ball
1-0: Foul Ball, location: 2F
1-1: Ball
2-1: Ball
3-1: Foul Ball, location: 2F
3-2: Base on Balls
Batting: RHB Leopoldo Horgan 0-0: Ball
1-0: Fly out, F7 (Flyball, 78M)
Top of the 8th over - 0 run(s), 0 hit(s), 0 error(s), 1 left on base; Pensacola 5 - Scottsdale 0
BOTTOM OF THE 8TH
Scottsdale Scorpions batting - Pitching for Pensacola Pilots : LHP Daniel Roberts
Batting: SHB Luis López 0-0: Called Strike
0-1: Ground out 6-3 (Groundball, 6)
Batting: LHB José Garza 0-0: Ball
1-0: Ground out 4-3 (Groundball, 34)
Batting: LHB Alberto Roberts 0-0: Ball
1-0: Called Strike
1-1: Called Strike
1-2: Ball
2-2: Foul Ball, location: 2F
2-2: Ball
3-2: Base on Balls
Batting: SHB Ralph Robison 0-0: Called Strike
0-1: SINGLE (Groundball, 6D)
Alberto Roberts to second
Batting: LHB Sergio Fernández 0-0: Foul Ball, location: 2F
0-1: Swinging Strike
0-2: Ball
1-2: 3-RUN HOME RUN (Flyball, 9D), Distance : 352 ft
Batting: RHB Edgardo Gonzáles 0-0: SINGLE (Groundball, 4D)
Pinch Runner at 1st Ricardo Gutiérrez:
Batting: RHB Ronald Smith 0-0: Ball
1-0: Foul Ball, location: 2F
1-1: Ball
2-1: Foul Ball, location: 2F
2-2: Ball
3-2: Strikes out swinging
Bottom of the 8th over - 3 run(s), 3 hit(s), 0 error(s), 1 left on base; Pensacola 5 - Scottsdale 3
TOP OF THE 9TH
Pensacola Pilots batting - Pitching for Scottsdale Scorpions : RHP Martin Miller
Pitching: RHP José Alvarado
Now at SS: Ricardo Gutiérrez
Batting: RHB Aaron Grizzle 0-0: Called Strike
0-1: Ball
1-1: Ball
2-1: Ball
3-1: Base on Balls
Batting: RHB Jesús Sánchez 0-0: Ball
1-0: Ball
2-0: 2-RUN HOME RUN (Flyball, 7D), Distance : 340 ft
Pitching: RHP Billy O'Neal
Batting: LHB Weston Chaney 0-0: Called Strike
0-1: SINGLE (Line Drive, 5D)
Batting: RHB Julian Lee 0-0: Called Strike
0-1: Ball
1-1: Ball
2-1: Grounds into double play, 5-4-3 (Groundball, 56)
Batting: RHB Jonny Lord 0-0: Called Strike
0-1: Called Strike
0-2: Foul Ball, location: 2F
0-2: Ball
1-2: Strikes out swinging
Top of the 9th over - 2 run(s), 2 hit(s), 0 error(s), 0 left on base; Pensacola 7 - Scottsdale 3
BOTTOM OF THE 9TH
Scottsdale Scorpions batting - Pitching for Pensacola Pilots : LHP Daniel Roberts
Pitching: RHP Manuel Valdés
Batting: RHB Jaime Delgado 0-0: Ball
1-0: Called Strike
1-1: Fly out, F8 (Flyball, 8RM)
Batting: RHB Miguel Ramos 0-0: SINGLE (Line Drive, 78S)
Batting: SHB Luis López 0-0: Called Strike
0-1: Grounds into double play, 5-4-3 (Groundball, 56)
Bottom of the 9th over - 0 run(s), 1 hit(s), 0 error(s), 0 left on base; Pensacola 7 - Scottsdale 3
Thursday, March 30th, 2017 - OOTP Baseball 17.12 Build 75